 Dungeon Crawl Stone Soup version 0.32-a0-329-ge6c31236d6 (webtiles) character file.

Game seed: 9726666979810951243

477276 Atlas the Eclecticist (level 23, -5/173 HPs)
             Began as a Demonspawn Fire Elementalist on Feb 16, 2024.
             Was the Champion of Vehumet.
             Killed from afar by a frost giant (8 damage)
             ... with a bolt of cold
             ... on level 5 of the Vaults.
             The game lasted 02:26:57 (80991 turns).

Atlas the Eclecticist (DsFE)                       Turns: 80991, Time: 02:26:57

Health: -5/173     AC: 27    Str: 13    XL:     23   Next: 64%
Magic:  33/47      EV: 16    Int: 23    God:    Vehumet [******]
Gold:   3404       SH: 25    Dex: 16    Spells: 6/63 levels left

rFire   + + +        y - +9 demon trident (heavy)
rCold   + + +        x - +2 shield of Resistance {rF++ rC++ Will++}
rNeg    . . .        R - +4 skin of Zhor {*Englaciate rC+++ SInv}
rPois   +            B - +2 helmet
rElec   .            G - +2 cloak {rCorr}
rCorr   +            P - +2 pair of gloves
SInv    +            (boots unavailable)
Will    +++..        V - amulet of reflection
Stlth   ++           a - ring of Ycilent {rPois rC+ Dex+3 Slay+3}
HPRegen 0.48/turn    m - ring of wizardry
MPRegen 0.30/turn

%: reflection, wizardry (x1)
@: no status effects
A: hooves 3, molten scales 3, icemail 2, spiny 1, augmentation 2, condensation
shield, robust 1, subdued magic 1
}: 2/15 runes: barnacled, gossamer
a: Renounce Religion


You were on level 5 of the Vaults.
You worshipped Vehumet.
Vehumet was exalted by your worship.
You visited 9 branches of the dungeon, and saw 43 of its levels.
You also visited: Trove, Bailey, Gauntlet and Ice Cave.

You collected 7484 gold pieces.
You spent 4080 gold pieces at shops.

Inventory:

Hand Weapons
 y - a +9 heavy demon trident (weapon)
Armour
 x - the +2 shield of Resistance (worn) {rF++ rC++ Will++}
   (You found it on level 6 of the Dungeon)

   rF++:      It greatly protects you from fire.
   rC++:      It greatly protects you from cold.
   Will++:    It greatly increases your willpower.
 B - a +2 helmet (worn)
 G - a +2 cloak of preservation (worn)
 P - a +2 pair of gloves (worn)
 R - the +4 skin of Zhor (worn) {*Englaciate rC+++ SInv}
   (You found it in an ice cave)

   *Englaciate: It radiates cold, occasionally slowing all nearby creatures who
   are not resistant to cold.
   rC+++:     It renders you almost immune to cold.
   SInv:      It lets you see invisible.
 W - the +1 faerie dragon scales {rElec Will- rCorr Str+6 Dex-3}
   (You took it off the Enchantress on level 3 of the Depths)

   Str+6:     It affects your strength (+6).
   Dex-3:     It affects your dexterity (-3).
   rElec:     It insulates you from electricity.
   Will-:     It decreases your willpower.
   rCorr:     It protects you from acid and corrosion.
Magical Staves
 z - a staff of conjuration
 E - a staff of fire
Jewellery
 a - the ring of Ycilent (left hand) {rPois rC+ Dex+3 Slay+3}
   (You took it off a deep elf zephyrmancer on level 2 of the Elven Halls)

   [ring of poison resistance]

   Dex+3:     It affects your dexterity (+3).
   Slay+3:    It affects your accuracy & damage with ranged weapons and melee
   (+3).
   rC+:       It protects you from cold.
   rPois:     It protects you from poison
 m - a ring of wizardry (right hand)
 w - a ring of flight
 M - a +5 ring of evasion
 V - an amulet of reflection (around neck)
 X - the ring "Fuulowuh" {*Corrode rElec rF+ EV+5}
   (You found it in a treasure trove)

   [ring of evasion]

   EV+5:      It affects your evasion (+5).
   rF+:       It protects you from fire.
   rElec:     It insulates you from electricity.
   *Corrode:  It may corrode you when you take damage.
Wands
 g - a wand of polymorph (7)
 k - a wand of mindburst (38)
 n - a wand of digging (21)
 F - a wand of iceblast (26)
 J - a wand of light (3)
 Q - a wand of charming (44)
Scrolls
 f - 11 scrolls of fog
 h - 14 scrolls of identify
 l - 10 scrolls of teleportation
 q - 9 scrolls of revelation
 r - 2 scrolls of poison
 v - 2 scrolls of blinking
 K - 9 scrolls of amnesia
 O - a scroll of silence
 S - 5 scrolls of summoning
 U - 6 scrolls of fear
Potions
 b - a potion of magic
 c - 9 potions of curing
 e - 6 potions of cancellation
 i - 5 potions of lignification
 j - 12 potions of might
 o - 11 potions of enlightenment
 p - 6 potions of brilliance
 s - 7 potions of resistance
 t - 4 potions of haste
 u - 4 potions of berserk rage
 C - 10 potions of mutation
 D - 9 potions of ambrosia
 L - 7 potions of invisibility
 T - 4 potions of attraction
Miscellaneous
 d - a lightning rod (4/4)
 A - a box of beasts
 H - a condenser vane
 I - a phantom mirror
 N - a phial of floods


   Skills:
 + Level 7.6 Fighting
 + Level 1.5 Maces & Flails
 + Level 12.4 Polearms
 + Level 3.1 Armour
 + Level 9.3 Dodging
 - Level 2.1 Stealth
 + Level 17.3 Shields
 + Level 0.6 Unarmed Combat
 + Level 20.9 Spellcasting
 + Level 8.5 Conjurations
 + Level 1.3 Translocations
 + Level 19.5 Fire Magic
 + Level 10.7 Air Magic
 * Level 11.7 Earth Magic
 + Level 0.2 Alchemy
 + Level 1.2 Evocations


You had 6 spell levels left.
You knew the following spells:

 Your Spells              Type           Power      Damage    Failure   Level
a - Scorch                Fire           100%       2d9       0%          2
b - Foxfire               Conj/Fire      100%       2x1d9     0%          1
c - Starburst             Conj/Fire      31%        6d9       1%          6
d - Stone Arrow           Conj/Erth      100%       3d13      1%          3
e - Plasma Beam           Fire/Air       32%        2x1d45    1%          6
f - Ignition              Fire           36%        3d11      1%          8
g - Iskenderun's Mystic   Conj/Tloc      35%        2d8       1%          4
h - Mephitic Cloud        Conj/Alch/Air  41%        N/A       1%          3
i - Bombard               Conj/Erth      26%        9d5       1%          6
j - Fire Storm            Conj/Fire      31%        8d8       56%         9
k - Shatter               Erth           28%        3d23*     85%         9

Your spell library contained the following spells:

 Spells                   Type           Power      Damage    Failure   Level
 Sandblast                Erth           100%       2d20      0%          1
 Shock                    Conj/Air       100%       1d9       0%          1
 Apportation              Tloc           46%        N/A       1%          1
 Freeze                   Ice            72%        1d8       1%          1
 Kiss of Death            Conj/Necr      100%       2d13      1%          1
 Magic Dart               Conj           100%       1d8       1%          1
 Necrotise                Necr           72%        1d7       1%          1
 Sting                    Conj/Alch      100%       1d9       1%          1
 Summon Small Mammal      Summ           72%        N/A       1%          1
 Blink                    Tloc           46%        N/A       1%          2
 Call Imp                 Summ           36%        N/A       1%          2
 Cigotuvi's Dreadful Rot  Necr/Alch/Air  62%        N/A       1%          2
 Ensorcelled Hibernation  Hex/Ice        36%        N/A       1%          2
 Lesser Beckoning         Tloc           46%        N/A       1%          2
 Mercury Vapours          Alch/Air       74%        N/A       1%          2
 Searing Ray              Conj           96%        2d7       1%          2
 Static Discharge         Conj/Air       100%       3-8/arc   1%          2
 Sublimation of Blood     Necr           18%        N/A       1%          2
 Dazzling Flash           Conj/Hex       66%        N/A       1%          3
 Frozen Ramparts          Ice            36%        1d6       1%          3
 Gell's Gravitas          Tloc           23%        N/A       1%          3
 Hailstorm                Conj/Ice       33%        3d8       1%          3
 Inner Flame              Hex/Fire       52%        N/A       1%          3
 Passwall                 Erth           56%        N/A       1%          3
 Teleport Other           Tloc           23%        N/A       1%          3
 Volatile Blastmotes      Fire/Tloc      100%       2d18      1%          3
 Animate Armour           Summ/Erth      78%        N/A       1%          4
 Brom's Barrelling Bould  Conj/Erth      53%        2d7       1%          4
 Flame Wave               Conj/Fire      62%        2d14      1%          4
 Fulminant Prism          Conj/Alch      17%        3d11      1%          4
 Ignite Poison            Fire/Alch      52%        N/A       1%          4
 Leda's Liquefaction      Alch/Erth      19%        N/A       1%          4
 Petrify                  Alch/Erth      39%        N/A       1%          4
 Sticky Flame             Fire/Alch      52%        2d9       1%          4
 Summon Blazeheart Golem  Fire/Summ      52%        N/A       1%          4
 Summon Lightning Spire   Summ/Air       37%        N/A       1%          4
 Fireball                 Conj/Fire      31%        3d13      1%          5
 Freezing Cloud           Conj/Ice/Air   20%        6-21      1%          5
 Irradiate                Conj/Alch      17%        3d17      1%          5
 Lee's Rapid Deconstruct  Erth           28%        3d15*     1%          5
 Conjure Ball Lightning   Conj/Air       25%        3x3d7     1%          6
 Olgreb's Toxic Radiance  Alch           19%        N/A       2%          4
 Borgnjor's Vile Clutch   Necr/Erth      19%        N/A       2%          5
 Confusing Touch          Hex            18%        N/A       3%          3
 Summon Ice Beast         Ice/Summ       18%        N/A       3%          3
 Tukima's Dance           Hex            18%        N/A       3%          3
 Silence                  Hex/Air        18%        N/A       3%          5
 Passage of Golubria      Tloc           23%        N/A       6%          4
 Dimensional Bullseye     Hex/Tloc       10%        N/A       9%          4
 Anguish                  Hex/Necr       9%         N/A       11%         4
 Animate Dead             Necr           18%        N/A       11%         4
 Dispel Undead            Necr           18%        3d11      11%         4
 Martyr's Knell           Necr/Summ      18%        N/A       11%         4
 Summon Forest            Summ/Tloc      10%        N/A       22%         5
 Curse of Agony           Necr           18%        N/A       30%         5
 Metabolic Englaciation   Hex/Ice        9%         N/A       30%         5
 Summon Mana Viper        Hex/Summ       18%        N/A       30%         5
 Eringya's Noxious Bog    Alch           9%         4d6       34%         6
 Dispersal                Tloc           11%        N/A       65%         6
 Sculpt Simulacrum        Ice/Alch       9%         N/A       82%         6
 Death Channel            Necr           9%         N/A       83%         6
 Summon Cactus Giant      Summ           9%         N/A       83%         6
 Orb of Destruction       Conj           24%        9d9       7%          7
 Maxwell's Capacitive Co  Air            27%        ∞         21%         8
 Lehudib's Crystal Spear  Conj/Erth      26%        10d7      26%         8
 Spellforged Servitor     Conj/Summ      16%        N/A       36%         7
 Chain Lightning          Conj/Air       25%        3d34      97%         9
 Polar Vortex             Ice            9%         12d1*     99%         9
 Summon Hydra             Summ           9%         N/A       100%        7
 Death's Door             Necr           9%         N/A       100%        9


Dungeon Overview and Level Annotations

Branches:
Dungeon (15/15)            Temple (1/1) D:7            Lair (5/5) D:11
 Shoals (4/4) Lair:3       Spider (4/4) Lair:2        Slime (0/5) Lair:5
    Orc (2/2) D:12            Elf (3/3) Orc:2        Vaults (5/5) D:13
  Crypt (0/3) Vaults:2     Depths (4/4) D:15            Zot (0/5) Depths:4
 Bailey (visited)           IceCv (visited)         Gauntlet (visited)

Altars:
Ashenzari
Cheibriados
Dithmenos
Fedhas
Gozag
Hepliaklqana
Kikubaaqudgha
Makhleb
Nemelex Xobeh
Okawaru
Qazlal
Ru
Sif Muna
Trog
Uskayaw
Vehumet
Wu Jian
Xom
Yredelemnul
Beogh
Jiyva

Shops:
D:3 :   D:7 *   D:10 *(   D:12 [   D:15 (   Orc:2 *=([(   Elf:1 :*(   Elf:3 !=
Shoals:2 *   Vaults:3 ?   Depths:3 =::

Portals:
Hell: Depths:1 Depths:2 Depths:3 Depths:4
Abyss: Depths:1 Depths:2 Depths:3 Depths:4
Pandemonium: Depths:2
Ziggurat: Depths:4

Annotations:
Lair:5 exclusion: orange crystal statue
Spider:4 1 runed translucent door, Ycozikhlo's ghost, adept OnFi
Elf:2 3 runed translucent doors
Vaults:5 Mara


Innate Abilities, Weirdness & Mutations

You have hooves in place of feet.
You are completely covered in molten scales. (AC +4, rF+)
A meltable icy envelope protects you from harm. (AC +8)
You are partially covered in sharp spines.
Your magical and physical power is enhanced at high health.
A meltable shield of frost defends you. (SH +4)
You are robust. (+10% HP)
Your spells are a little easier to cast, but a little less powerful.


Message History

Confirm with . or Enter, or press ? or * to list all spells.
Casting: Ignition (mildly dangerous; 1% risk of failure)
Press: ? - help, Dir - look around, f - activate The air bursts into flame!
The fireball engulfs the frost giant!
The frost giant is severely wounded.
The fireball engulfs the golden dragon.
The golden dragon resists.
The golden dragon is lightly wounded.
The fireball engulfs the yaktaur captain!!
The yaktaur captain is moderately wounded.
The fireball engulfs the storm dragon.
The storm dragon is heavily wounded.
The fireball engulfs the storm dragon.
The storm dragon is lightly wounded.
The fireball engulfs the war gargoyle but does no damage.
The fireball engulfs the dread lich but does no damage.
The dread lich is lightly damaged.
The fireball engulfs the hell knight.
The hell knight completely resists.
The fireball engulfs the deep troll earth mage!!
The deep troll earth mage is severely wounded.
The fireball engulfs the green very ugly thing!
The green very ugly thing is almost dead.
The fireball engulfs the war gargoyle but does no damage.
The fireball engulfs the deep troll earth mage!!
You kill the deep troll earth mage!
Vehumet accepts your kill.
You feel your power returning.
The fireball engulfs the yaktaur captain!
The yaktaur captain is heavily wounded.
The fireball engulfs the storm dragon!
The storm dragon is severely wounded.
You hear a deafening roar!
You hear a shout!
The green very ugly thing headbutts you but does no damage.
A vault warden comes into view. It is wielding a +1 dire flail.
An ironbound convoker comes into view. It is wielding a +0 dire flail.
The yaktaur captain wields a +0 arbalest.
The yaktaur captain shoots a bolt.
The bolt hits you!!
* * * LOW HITPOINT WARNING * * *
The frost giant gestures at you while chanting.
The bolt of cold hits you! You resist.
You die...

#....# .... #
#....# #.... ..
#....##.)..
..[#.[[.#.C$#
pD)☼[[[[...#
##○○§§§.).#####
..[.○§○)†[.....
.[[.§○○@u.[..[.
..[.$<○☼)[.....
....[[..D......
##..D[[[[.#####
.L...[[..[.
.).#....#...
p..#....#.p.c
[# #[...#.....


You could see a golden dragon, a dread lich, 2 storm dragons, a frost giant, a
green very ugly thing (berserk), a vault warden, a yaktaur captain, a hell
knight (slow) and an ironbound convoker.

Vanquished Creatures
  2 ancient liches (Depths:3)
  A dread lich (Vaults:4)
  Boris (twice) (Vaults:3 Depths:1)
  A caustic shrike (Depths:2)
  Saint Roka (Vaults:3)
  the Enchantress (Depths:3)
  Jorgrun (Orc:2)
  Mlioglotl (Shoals:3)
  A lich (Depths:3)
  Rupert (Lair:3)
  The ghost of Fogaerej the Severer, an adept AtBe of Trog (Spider:2)
  A walking frostbound tome (Depths:2)
  10 sphinxes
  Asterion (Vaults:3)
  4 deep elf blademasters
  A titan (Vaults:5)
  Polyphemus (Shoals:2)
  Aizul (Shoals:4)
  A shadow dragon (Vaults:5)
  3 storm dragons
  4 tengu reavers
  7 fire giants
  4 frost giants
  4 iron dragons (Depths:3)
  A draconian knight (Depths:4)
  4 emperor scorpions
  13 deep elf sorcerers
  13 vault wardens
  4 deep elf elementalists (Elf:3)
  4 ghost moths
  A draconian shifter (Depths:4)
  An angel (Depths:4)
  5 broodmothers (Spider:4)
  2 formless jellyfish
  A ghoul (Vaults:2)
  A balrug (Depths:2)
  A reaper (IceCv)
  4 orc warlords
  3 spriggan defenders (Depths:4)
  10 ironbound thunderhulks
  5 stone giants
  11 ironbound preservers
  13 very ugly things
  5 deep elf demonologists
  7 vampire knights
  3 green draconians (Depths:4)
  A red draconian (Depths:4)
  6 deep elf death magi
  3 war gargoyles (Vaults:4)
  A minotaur (Gauntlet)
  4 spark wasps
  7 deep elf annihilators
  Nessos (D:13)
  A purple draconian (Depths:4)
  8 dire elephants
  The ghost of Biggs the Spry, a journeyman FeMo of Wu Jian (Shoals:1)
  6 merfolk javelineers
  15 ettins
  2 crystal guardians
  8 deep elf high priests
  8 yaktaur captains
  Fannar (Lair:3)
  5 jiangshi (Depths:2)
  13 merfolk impalers
  9 entropy weavers
  15 fire dragons
  5 hydras
  33 vault guards
  8 ice dragons
  4 great orbs of eyes
  2 jorogumos
  3 ironbound frosthearts
  A rakshasa (Depths:2)
  6 peacekeepers
  2 death knights
  6 merfolk aquamancers
  7 spriggan air magi
  A radroach (Spider:2)
  2 ogre magi
  2 merfolk avatars
  4 catoblepae
  14 centaur warriors
  A sphinx skeleton (D:15)
  15 dancing weapons
  9 two-headed ogres
  A two-headed ogre (shapeshifter) (Depths:2)
  An alligator snapping turtle (Shoals:2)
  10 boulder beetles
  4 death yaks (Shoals:2)
  8 deep troll shamans
  9 demonic crawlers
  4 spriggan berserkers
  8 tengu warriors
  17 deep troll earth magi
  3 vampire magi
  2 sun demons
  2 spectral emperor scorpions (Spider:2)
  An occultist (Depths:3)
  2 orc high priests
  11 deep elf knights
  A salamander mystic (Depths:2)
  29 hell knights
  Amaemon (Lair:1)
  7 iron trolls
  Lodul (D:10)
  4 skysharks
  A spectral ghost moth (Spider:2)
  A storm dragon zombie (Depths:2)
  A storm dragon skeleton (D:15)
  7 skeletal warriors (D:15)
  6 pharaoh ants
  51 deep trolls
  12 sea snakes
  2 flayed ghosts
  13 orb spiders
  20 harpies
  15 deep elf archers
  An elf zombie (Vaults:3)
  5 glowing orange brains
  3 spectral jorogumos (Spider:2)
  13 lindwurms
  An orange crystal statue (Depths:1)
  A large abomination (Gauntlet)
  19 ironbound convokers
  A phantasmal warrior (D:12)
  6 arcanists
  11 orc knights
  9 steelbarb worms
  19 deep elf pyromancers
  31 deep elf zephyrmancers
  A wolf spider zombie (D:15)
  4 cyclopes
  14 necromancers
  5 orc sorcerers
  10 fauns
  A cyclops (shapeshifter) (Elf:3)
  5 moths of wrath
  15 wolf spiders
  3 salamanders (Depths:2)
  13 manticores
  A faun (shapeshifter) (Vaults:5)
  A moth of wrath (shapeshifter) (Vaults:5)
  23 ugly things
  A frost giant skeleton (Depths:2)
  A tengu skeleton (Vaults:1)
  23 elephants
  5 merfolk sirens
  6 meliai
  8 black mambas
  An ice statue (IceCv)
  Joseph (D:7)
  A fire giant skeleton (Depths:2)
  18 vault sentinels
  A guardian serpent (Lair:5)
  An emperor scorpion simulacrum (Spider:2)
  An orange demon (Lair:1)
  A cane toad (shapeshifter) (D:15)
  2 gargoyles
  3 kobold blastminers (Orc:2)
  8 water nymphs
  Maggie (D:6)
  14 cane toads
  3 torpor snails
  Jeremiah (D:7)
  A kobold demonologist (D:11)
  6 komodo dragons
  A freezing wraith (Vaults:2)
  3 ice devils
  2 rime drakes
  An anaconda simulacrum (IceCv)
  19 yaktaurs
  A tormentor (Depths:2)
  7 tengu conjurers
  A polar bear (Lair:4)
  A tengu simulacrum (Vaults:1)
  4 trolls
  31 merfolk
  A blink frog (shapeshifter) (D:15)
  A queen bee (D:9)
  17 tarantellas
  A jorogumo simulacrum (Spider:2)
  14 wind drakes
  2 hornets (Lair:5)
  8 dream sheep
  6 snapping turtles
  7 blink frogs (Lair:2)
  29 slime creatures
  26 jumping spiders
  4 spriggans (Depths:4)
  27 water elementals
  10 air elementals
  13 wyverns
  34 yaks
  22 culicivoras
  4 shadows
  2 dire elephant simulacra (IceCv)
  3 basilisks
  A vampire (D:15)
  5 wraiths
  4 humans (D:13)
  3 fire elementals
  4 wargs
  63 redbacks
  3 steam dragons
  14 vampire mosquitoes
  A death yak simulacrum (IceCv)
  A harpy simulacrum (IceCv)
  2 acid dragons (D:10)
  32 water moccasins
  6 hell hounds (D:12)
  2 hydra simulacra (IceCv)
  44 orc warriors
  An ice beast (D:6)
  An ettin simulacrum (Vaults:3)
  2 black bears (D:11)
  4 small abominations (Gauntlet)
  3 radroach simulacra (Spider:2)
  2 elephant zombies (D:6)
  7 centaurs
  18 ogres
  A phantom (D:12)
  15 wolves
  2 kobold brigands
  20 bullfrogs
  A gnoll sergeant (D:8)
  A scorpion (D:4)
  5 earth elementals
  4 cane toad simulacra (IceCv)
  6 two-headed ogre simulacra (IceCv)
  A hornet simulacrum (D:15)
  14 wights
  2 elephant simulacra (IceCv)
  2 troll zombies (D:12)
  24 killer bees
  3 electric eels
  6 howler monkeys
  5 bombardier beetles
  5 centaur zombies
  14 jellies
  4 lava snakes (Lair:5)
  4 human zombies
  2 hounds
  22 orc priests
  4 iguanas
  2 gnoll boudas
  Jessica (D:3)
  A scorpion zombie (D:6)
  A sleepcap (D:6)
  29 orc wizards
  2 polar bear simulacra (IceCv)
  A wolf simulacrum (IceCv)
  A troll simulacrum (IceCv)
  8 spriggan simulacra (IceCv)
  6 ogre zombies (D:12)
  3 hound zombies (D:6)
  3 howler monkey zombies (D:6)
  6 adders
  11 gnolls
  3 naga simulacra (IceCv)
  2 shadow imps
  11 white imps
  10 ufetubi
  2 adder zombies (D:6)
  3 dart slugs
  86 orcs
  A bat (D:2)
  3 bat zombies (D:3)
  12 endoplasms
  4 giant cockroaches
  4 gnoll zombies (D:12)
  6 hobgoblins
  8 jackals
  26 kobolds
  3 quokkas
  6 ball pythons
  4 frilled lizards
  2 frilled lizard zombies (D:3)
  3 gnoll skeletons (D:12)
  10 goblins
  5 orc skeletons (D:12)
  12 orc zombies (D:12)
  2 rats
  3 foxfires
1984 creatures vanquished.

Vanquished Creatures (collateral kills)
  Azrael (D:12)
  6 foxfires
7 creatures vanquished.

Vanquished Creatures (others)
  A deep elf knight (Elf:2)
  A merfolk (Shoals:3)
  A human (D:13)
  A killer bee zombie (D:6)
  A gnoll zombie (D:12)
  1410 foxfires
1415 creatures vanquished.

Grand Total: 3406 creatures vanquished

Notes
Turn   | Place    | Note
-------+----------+-------------------------------------------
     0 | D:1      | Atlas the Demonspawn Fire Elementalist began the quest for
                  | the Orb.
     0 | D:1      | Reached XP level 1. HP: 13/13 MP: 3/3
   232 | D:1      | Gained mutation: You have large cloven feet. [demonic
                  | ancestry]
   232 | D:1      | Reached XP level 2. HP: 19/19 MP: 1/5
   794 | D:1      | Reached XP level 3. HP: 24/24 MP: 4/6
   797 | D:1      | Learned a level 2 spell: Scorch
  1632 | D:2      | Gained mutation: You have hoof-like feet. [demonic
                  | ancestry]
  1632 | D:2      | Reached XP level 4. HP: 30/30 MP: 5/8
  2591 | D:3      | Gained mutation: A meltable shield of frost defends you.
                  | (SH +4) [demonic ancestry]
  2591 | D:3      | Reached XP level 5. HP: 35/35 MP: 0/9
  2698 | D:3      | Reached skill level 3 in Spellcasting
  3288 | D:3      | Noticed Jessica
  3291 | D:3      | Killed Jessica
  3327 | D:3      | Found Zotrigh's Book Shop.
  3825 | D:3      | Found an ancient bone altar of Kikubaaqudgha.
  3949 | D:4      | Learned a level 4 spell: Flame Wave
  3987 | D:4      | Reached XP level 6. HP: 35/41 MP: 0/11
  4150 | D:4      | Reached skill level 4 in Spellcasting
  4451 | D:4      | Reached XP level 7. HP: 47/47 MP: 2/14
  4573 | D:4      | Reached skill level 1 in Armour
  5121 | D:5      | Entered Level 5 of the Dungeon
  5128 | D:5      | Reached skill level 5 in Fire Magic
  5221 | D:5      | Reached skill level 5 in Spellcasting
  6302 | D:6      | Found a sparkling altar of Nemelex Xobeh.
  6425 | D:6      | Reached XP level 8. HP: 45/53 MP: 3/16
  6524 | D:6      | Reached skill level 6 in Spellcasting
  6678 | D:6      | Noticed Maggie
  6690 | D:6      | Killed Maggie
  7128 | D:6      | Found an ancient bone altar of Kikubaaqudgha.
  7131 | D:6      | Found the +2 shield of Resistance {rF++ rC++ Will++}
  7440 | D:6      | Reached skill level 1 in Maces & Flails
  7662 | D:6      | Gained mutation: You are partially covered in molten
                  | scales. (AC +2) [demonic ancestry]
  7662 | D:6      | Reached XP level 9. HP: 29/58 MP: 0/19
  8082 | D:6      | Reached skill level 7 in Spellcasting
  8382 | D:6      | Found a bloodstained altar of Trog.
  8457 | D:7      | Noticed Jeremiah
  8767 | D:7      | Found a staircase to the Ecumenical Temple.
  8768 | D:7      | Noticed Joseph
  8775 | Temple   | Entered the Ecumenical Temple
  8832 | Temple   | Became a worshipper of Vehumet
  8855 | D:7      | Killed Joseph
  8856 | D:7      | Reached skill level 1 in Shields
  8937 | D:7      | Killed Jeremiah
  9495 | D:7      | Found Fedeth's Assorted Antiques.
  9504 | D:7      | Bought a scroll of identify for 62 gold pieces
  9504 | D:7      | Bought a scroll of identify for 62 gold pieces
  9504 | D:7      | Bought a shiny helmet for 232 gold pieces
  9853 | D:8      | Reached skill level 1 in Fighting
  9855 | D:8      | Reached * piety under Vehumet
  9855 | D:8      | Offered knowledge of Kiss of Death by Vehumet.
 10034 | D:8      | Reached skill level 8 in Spellcasting
 10070 | D:8      | Found a flagged portal.
 10082 | Bailey   | Entered a bailey
 10651 | Bailey   | Gained mutation: You are mostly covered in molten scales.
                  | (AC +3) [demonic ancestry]
 10651 | Bailey   | Reached XP level 10. HP: 65/65 MP: 7/22
 11325 | D:8      | Noticed a two-headed ogre
 11343 | D:8      | Killed a two-headed ogre
 11662 | D:8      | Reached ** piety under Vehumet
 11662 | D:8      | Offered knowledge of Shock by Vehumet.
 12460 | D:9      | Reached skill level 9 in Spellcasting
 12660 | D:9      | Reached skill level 1 in Polearms
 12684 | D:9      | Reached skill level 5 in Shields
 12799 | D:9      | Noticed a centaur warrior
 12813 | D:9      | Killed a centaur warrior
 12884 | D:9      | Offered knowledge of Mephitic Cloud by Vehumet.
 12943 | D:9      | Learned a level 3 spell: Mephitic Cloud
 13024 | D:9      | Gained mutation: You are partially covered in sharp spines.
                  | [demonic ancestry]
 13024 | D:9      | Reached XP level 11. HP: 70/70 MP: 20/24
 13253 | D:9      | Reached *** piety under Vehumet
 13679 | D:10     | Entered Level 10 of the Dungeon
 13712 | D:10     | Noticed a +0 quick blade
 13714 | D:10     | Found Ulahyl's Weapon Shop.
 13715 | D:10     | Noticed a +0 demon blade
 13887 | D:10     | Noticed Lodul
 14134 | D:10     | Killed Lodul
 14135 | D:10     | Reached skill level 10 in Spellcasting
 14353 | D:10     | Found an ornate altar of the Wu Jian Council.
 14356 | D:10     | Found a blossoming altar of Fedhas.
 14558 | D:10     | Offered knowledge of Dazzling Flash by Vehumet.
 14588 | D:10     | Reached skill level 10 in Fire Magic
 14601 | D:10     | Noticed a boulder beetle
 14938 | D:10     | Found a burning altar of Makhleb.
 14938 | D:10     | Noticed a cacodemon
 14967 | D:10     | Noticed an ogre mage
 15111 | D:10     | Killed a boulder beetle
 15462 | D:10     | Reached **** piety under Vehumet
 15609 | D:10     | Killed an ogre mage
 15764 | D:10     | Noticed a deep elf pyromancer
 15772 | D:10     | Killed a deep elf pyromancer
 15871 | D:10     | Reached XP level 12. HP: 77/77 MP: 18/26
 15928 | D:10     | Found Asohaemn's Assorted Antiques.
 15940 | D:10     | Reached skill level 11 in Spellcasting
 15940 | D:10     | Reached skill level 5 in Conjurations
 15952 | D:10     | Bought an ichor-stained short sword for 176 gold pieces
 15952 | D:10     | Identified the +12 short sword "Reitobyh" {flame, *Noise
                  | Int+6 Stlth+} (You bought it in a shop on level 10 of the
                  | Dungeon)
 15952 | D:10     | Bought a scroll of identify for 44 gold pieces
 15952 | D:10     | Bought a scroll of revelation for 165 gold pieces
 15952 | D:10     | Bought a condenser vane for 880 gold pieces
 16004 | D:10     | Offered knowledge of Arcjolt by Vehumet.
 16202 | D:11     | Noticed a two-headed ogre
 16902 | D:11     | Identified a scroll of acquirement
 16903 | D:11     | Acquired a staff of fire
 16971 | D:11     | Found a staircase to the Lair.
 17202 | D:11     | Identified the +1 scale mail of Vuro {rN+}
 17288 | D:11     | Killed a two-headed ogre
 17373 | D:11     | Found a runed translucent door.
 17641 | D:11     | Noticed an ettin
 17643 | D:11     | Noticed a boulder beetle
 17643 | D:11     | Noticed a two-headed ogre
 17646 | D:11     | Noticed a seven-headed hydra
 17714 | D:12     | Noticed a two-headed ogre
 17737 | D:12     | Noticed a tengu warrior
 17750 | D:12     | Noticed a tengu warrior
 17776 | D:12     | Found Hyurykh's Antique Armour Shop.
 17862 | D:12     | Found a staircase to the Orcish Mines.
 17905 | D:12     | Reached ***** piety under Vehumet
 17910 | D:12     | Offered knowledge of Plasma Beam by Vehumet.
 17987 | D:12     | Found a gate leading to a gauntlet.
 17992 | Gauntlet | Entered a Gauntlet
 17992 | Gauntlet | Found a transporter.
 17992 | Gauntlet | Found a transporter.
 17993 | Gauntlet | Found a transporter.
 17993 | Gauntlet | Found a transporter.
 17996 | Gauntlet | Found a transporter.
 17996 | Gauntlet | Found a transporter.
 18054 | Gauntlet | Found a transporter.
 18056 | Gauntlet | Found a transporter.
 18070 | Gauntlet | Found a transporter.
 18104 | Gauntlet | Found a transporter.
 18122 | Gauntlet | Found a transporter.
 18126 | Gauntlet | Found a transporter.
 18416 | Gauntlet | Identified the +2 pair of boots of the Catamount {rPois
                  | Will++ Regen+ Slay+3}
 18561 | Gauntlet | Noticed a minotaur
 18587 | Gauntlet | Killed a minotaur
 18596 | Gauntlet | Got the Exposition on the Tundra
 18671 | D:12     | Killed a tengu warrior
 18672 | D:12     | Killed a tengu warrior
 18727 | D:12     | Noticed Azrael
 18868 | D:11     | Noticed a sphinx
 18998 | D:12     | Found a stormy altar of Qazlal.
 19308 | D:12     | Reached skill level 12 in Spellcasting
 19635 | D:12     | Killed Azrael
 19636 | D:12     | Reached XP level 13. HP: 42/83 MP: 29/29
 19764 | D:12     | Learned a level 6 spell: Plasma Beam
 20106 | D:12     | Bought a crude orb for 448 gold pieces
 20106 | D:12     | Identified the orb of the Alphagorgon {*channel, rC+++
                  | Int-2 SInv} (You bought it in a shop on level 12 of the
                  | Dungeon)
 20571 | D:13     | Found a frozen archway.
 20581 | IceCv    | Entered an ice cave
 21065 | IceCv    | Reached skill level 1 in Air Magic
 21493 | IceCv    | Noticed a reaper
 21797 | IceCv    | Killed a reaper
 21797 | IceCv    | Offered knowledge of Spellforged Servitor by Vehumet.
 21893 | IceCv    | Found the +4 skin of Zhor {*Englaciate rC+++ SInv}
 22551 | D:13     | Identified the +0 leather armour of Ignis {rF+ rC++ Str+2
                  | Int-4}
 22559 | D:13     | Noticed Nessos
 22571 | D:13     | Killed Nessos
 22940 | D:13     | Reached skill level 5 in Polearms
 23076 | D:13     | Found a gate to the Vaults.
 23605 | D:12     | Reached skill level 10 in Shields
 24449 | D:14     | Found a hide-covered altar of Uskayaw.
 24579 | D:14     | Gained mutation: You have hooves in place of feet. [demonic
                  | ancestry]
 24579 | D:14     | Reached XP level 14. HP: 54/91 MP: 30/30
 24602 | D:14     | Reached skill level 5 in Dodging
 25328 | D:15     | Entered Level 15 of the Dungeon
 26148 | D:15     | Learned a level 8 spell: Ignition
 26232 | D:15     | Reached skill level 13 in Spellcasting
 27109 | D:15     | Found a staircase to the Depths.
 27211 | D:15     | Found Gepunuur's Weapon Shop.
 28074 | Lair:1   | Entered Level 1 of the Lair of Beasts
 28207 | Lair:1   | Noticed Amaemon
 28224 | Lair:1   | Killed Amaemon
 28738 | Lair:1   | You fall into a shaft and drop 1 floor!
 29640 | Lair:2   | Found a hole to the Spider Nest.
 30263 | Lair:3   | Found a bloodstained altar of Trog.
 30413 | Lair:3   | Noticed Fannar
 30429 | Lair:3   | Killed Fannar
 30433 | Lair:3   | Gained mutation: You are completely covered in molten
                  | scales. (AC +4, rF+) [demonic ancestry]
 30433 | Lair:3   | Reached XP level 15. HP: 56/98 MP: 6/32
 30793 | Lair:3   | Reached ****** piety under Vehumet
 30921 | Lair:3   | Noticed Rupert
 30956 | Lair:3   | Killed Rupert
 30957 | Lair:3   | Reached skill level 5 in Air Magic
 30957 | Lair:3   | Reached skill level 1 in Evocations
 31208 | Lair:3   | Found a staircase to the Shoals.
 31802 | Lair:4   | Identified the +1 pair of boots of the Desolation of Salt
                  | {rPois Int+2}
 32822 | Lair:5   | Entered Level 5 of the Lair of Beasts
 32845 | Lair:5   | Offered knowledge of Orb of Destruction by Vehumet.
 32889 | Lair:5   | Found a viscous altar of Jiyva.
 32889 | Lair:5   | Found a staircase to the Slime Pits.
 34020 | Lair:5   | Offered knowledge of Yara's Violent Unravelling by Vehumet.
 34252 | Lair:5   | Reached skill level 14 in Spellcasting
 34458 | Lair:5   | Identified the +2 leather armour of the True Pharaoh
                  | {Str+3}
 35434 | Orc:1    | Entered Level 1 of the Orcish Mines
 35473 | Orc:2    | Entered Level 2 of the Orcish Mines
 35843 | Orc:2    | Noticed Jorgrun
 35854 | Orc:2    | Killed Jorgrun
 36029 | Orc:2    | Found a staircase to the Elven Halls.
 36467 | Orc:2    | Reached XP level 16. HP: 70/104 MP: 8/34
 36802 | Orc:2    | Found a roughly hewn altar of Beogh.
 36809 | Orc:2    | Found Letomp's Antique Armour Shop.
 36967 | Orc:2    | Offered knowledge of Ozocubu's Refrigeration by Vehumet.
 37033 | Orc:2    | Found Hireesem's Weapon Shoppe.
 37126 | Orc:2    | Found Geatah's General Store.
 37132 | Orc:2    | Bought a potion of curing for 39 gold pieces
 37176 | Orc:2    | Found Sunt's Jewellery Shop.
 37190 | Orc:2    | Found Ziakh's Antique Weapon Shop.
 37425 | Orc:1    | Found a roughly hewn altar of Beogh.
 37908 | Elf:1    | Entered Level 1 of the Elven Halls
 38324 | Orc:2    | Learned a level 4 spell: Iskenderun's Mystic Blast
 39743 | Elf:1    | Identified the +0 hat of Ramnoimp {-Tele rF+ Int+6}
 39793 | Elf:1    | Found Gasmio's General Store.
 39793 | Elf:1    | Found Foopn's Book Boutique.
 39801 | Elf:1    | Bought a potion of curing for 51 gold pieces
 39801 | Elf:1    | Bought a scroll of teleportation for 51 gold pieces
 40104 | Elf:1    | Found Qebrietu's Weapon Shop.
 40952 | Elf:1    | Paralysed by an air elemental for 1 turns
 40958 | Elf:1    | Paralysed by an air elemental for 1 turns
 41327 | Elf:1    | Reached skill level 1 in Translocations
 41882 | Elf:2    | Paralysed by an air elemental for 1 turns
 43012 | Elf:1    | Bought a book of Geomancy for 540 gold pieces
 43016 | Elf:1    | Learned a level 3 spell: Stone Arrow
 44113 | Elf:2    | Paralysed by an air elemental for 1 turns
 44162 | Elf:2    | Offered knowledge of Bombard by Vehumet.
 44469 | Elf:2    | Reached skill level 1 in Earth Magic
 44679 | Elf:2    | Found a runed translucent gate.
 44679 | Elf:2    | Found a runed translucent gate.
 44683 | Elf:2    | Found a runed translucent gate.
 44770 | Elf:2    | Identified the ring of Ycilent {rPois rC+ Dex+3 Slay+3}
 44953 | Elf:2    | Reached skill level 15 in Spellcasting
 45273 | Elf:3    | Entered Level 3 of the Elven Halls
 45274 | Elf:3    | Paralysed by an air elemental for 1 turns
 45277 | Elf:3    | Paralysed by an air elemental for 1 turns
 45390 | Elf:3    | Found Zepeps's Jewellery Shop.
 45739 | Elf:3    | Learned a level 6 spell: Bombard
 46001 | Elf:3    | Reached XP level 17. HP: 111/111 MP: 18/36
 46788 | Elf:3    | Noticed a deep elf blademaster
 46794 | Elf:3    | Killed a deep elf blademaster
 46907 | Elf:3    | Noticed a deep elf blademaster
 46923 | Elf:2    | Killed a deep elf blademaster
 47757 | Elf:3    | Noticed a deep elf blademaster
 47797 | Elf:3    | Killed a deep elf blademaster
 48051 | Elf:3    | Identified the +8 battleaxe of Greed {heavy, rF+ Int+3
                  | Stlth+}
 48052 | Elf:3    | Offered knowledge of Starburst by Vehumet.
 48265 | Elf:3    | Gained mutation: Your health recovers twice as slowly from
                  | being drained. [a cacodemon]
 48627 | Elf:3    | Noticed a Tzitzimitl
 48971 | Elf:3    | Identified the +6 hand cannon "Newt's Foe" {elec, Stlth+}
 48984 | Elf:3    | Got Qoethru's Quarto of Toxicology and Companions
 48985 | Elf:3    | Found the +3 warlock's mirror {omnireflect}
 49001 | Elf:3    | Got the Book of the Scribe
 49024 | Elf:3    | Got the Spellbook of Amassed Weather
 49026 | Elf:3    | Identified the +9 hand axe "Cisaud" {flame, Int+3 Dex+4}
 49038 | Elf:3    | Identified the +2 scale mail of Distant Worlds {rPois Str+5
                  | Int+3}
 49050 | Elf:3    | Got the Codex of Spectres
 49055 | Elf:3    | Acquired a +2 demon trident of venom
 49075 | Elf:3    | Reached skill level 16 in Spellcasting
 49085 | Elf:3    | Noticed a deep elf blademaster
 49353 | Elf:3    | Found Uxenluit's Distillery.
 49421 | Elf:3    | Killed a deep elf blademaster
 50044 | Elf:3    | Learned a level 6 spell: Starburst
 50308 | Shoals:1 | Entered Level 1 of the Shoals
 50323 | Shoals:1 | Reached skill level 15 in Fire Magic
 50976 | Shoals:1 | Noticed Biggs's ghost (journeyman FeMo)
 50978 | Shoals:1 | Found a runed translucent gate.
 50978 | Shoals:1 | Found a runed translucent gate.
 50980 | Shoals:1 | Found a runed translucent gate.
 51000 | Shoals:1 | Killed Biggs's ghost
 51001 | Shoals:1 | Gained mutation: A meltable icy envelope protects you from
                  | harm. (AC +8) [demonic ancestry]
 51001 | Shoals:1 | Reached XP level 18. HP: 114/116 MP: 38/38
 51370 | Shoals:2 | Noticed Polyphemus
 51382 | Shoals:2 | Killed Polyphemus
 51391 | Shoals:2 | Reached skill level 15 in Shields
 51656 | Shoals:2 | Found Wiunn's Island Escapes.
 51677 | Shoals:2 | Bought a scroll of teleportation for 36 gold pieces
 51677 | Shoals:2 | Bought a scroll of teleportation for 36 gold pieces
 51677 | Shoals:2 | Bought a scroll of blinking for 90 gold pieces
 51677 | Shoals:2 | Bought 2 potions of invisibility for 192 gold pieces
 51677 | Shoals:2 | Bought a potion of invisibility for 96 gold pieces
 53964 | Shoals:4 | Entered Level 4 of the Shoals
 53964 | Shoals:4 | Found a sparkling altar of Nemelex Xobeh.
 53973 | Shoals:4 | Noticed Mlioglotl
 54714 | Shoals:3 | Killed Mlioglotl
 54834 | Shoals:4 | Paralysed by an air elemental for 1 turns
 55057 | Shoals:4 | Identified the +3 hand axe of the Ass {protect, rPois
                  | Dex+4}
 55057 | Shoals:4 | Identified the serpent talisman of Vutwu {*Corrode Str+3
                  | Dex+5}
 55057 | Shoals:4 | Noticed Aizul
 55063 | Shoals:4 | Killed Aizul
 55162 | Shoals:4 | Reached skill level 17 in Spellcasting
 55297 | Shoals:4 | Paralysed by an air elemental for 1 turns
 55305 | Shoals:4 | Paralysed by an air elemental for 1 turns
 55451 | Shoals:4 | Paralysed by an air elemental for 1 turns
 55569 | Shoals:4 | Got a barnacled rune of Zot
 55720 | Shoals:4 | Paralysed by an air elemental for 1 turns
 56460 | Spider:1 | Entered Level 1 of the Spider Nest
 56721 | Spider:1 | Reached XP level 19. HP: 115/125 MP: 7/40
 57118 | Spider:1 | Offered knowledge of Fire Storm by Vehumet.
 57118 | Spider:1 | Offered knowledge of Shatter by Vehumet.
 57118 | Spider:1 | Offered knowledge of Chain Lightning by Vehumet.
 57142 | Spider:1 | Learned a level 9 spell: Fire Storm
 57444 | Spider:1 | Reached skill level 5 in Fighting
 58418 | Spider:1 | Lost mutation: Your health recovers twice as slowly from
                  | being drained. [potion of mutation]
 58418 | Spider:1 | Gained mutation: You have a pair of small horns on your
                  | head. [potion of mutation]
 58418 | Spider:1 | Gained mutation: You have sharp fingernails. [potion of
                  | mutation]
 58419 | Spider:1 | Lost mutation: You have a pair of small horns on your head.
                  | [potion of mutation]
 58419 | Spider:1 | Lost mutation: You have sharp fingernails. [potion of
                  | mutation]
 58419 | Spider:1 | Gained mutation: You occasionally lose the ability to drink
                  | potions when taking damage. [potion of mutation]
 58419 | Spider:1 | Gained mutation: Your spells are a little easier to cast,
                  | but a little less powerful. [potion of mutation]
 58419 | Spider:1 | Gained mutation: You have a pair of small antennae on your
                  | head. [potion of mutation]
 58420 | Spider:1 | Lost mutation: You have a pair of small antennae on your
                  | head. [potion of mutation]
 58420 | Spider:1 | Lost mutation: Your spells are a little easier to cast, but
                  | a little less powerful. [potion of mutation]
 58420 | Spider:1 | Gained mutation: Your health recovers twice as slowly from
                  | being drained. [potion of mutation]
 58420 | Spider:1 | Gained mutation: Your natural rate of healing is unusually
                  | fast. [potion of mutation]
 58421 | Spider:1 | Lost mutation: Your health recovers twice as slowly from
                  | being drained. [potion of mutation]
 58421 | Spider:1 | Lost mutation: You occasionally lose the ability to drink
                  | potions when taking damage. [potion of mutation]
 58421 | Spider:1 | Lost mutation: Your natural rate of healing is unusually
                  | fast. [potion of mutation]
 58421 | Spider:1 | Gained mutation: Your magical capacity is low. (-10% MP)
                  | [potion of mutation]
 58421 | Spider:1 | Lost mutation: Your magical capacity is low. (-10% MP)
                  | [potion of mutation]
 58421 | Spider:1 | Gained mutation: You are robust. (+10% HP) [potion of
                  | mutation]
 59170 | Spider:2 | Found a runed translucent gate.
 59170 | Spider:2 | Found a runed translucent gate.
 59171 | Spider:2 | Found a runed translucent gate.
 59172 | Spider:2 | Noticed Fogaerej's ghost (adept AtBe)
 59673 | Spider:2 | Killed Fogaerej's ghost
 60288 | Spider:3 | Got the Precepts of Astrapomancy
 60827 | Spider:4 | Entered Level 4 of the Spider Nest
 60903 | Spider:4 | Found a runed translucent door.
 60903 | Spider:4 | Noticed Ycozikhlo's ghost (adept OnFi)
 61134 | Spider:4 | Reached skill level 10 in Polearms
 61401 | Spider:4 | Reached skill level 5 in Earth Magic
 61914 | Spider:4 | Got a gossamer rune of Zot
 62441 | Vaults:1 | Entered Level 1 of the Vaults
 62576 | Vaults:1 | Gained mutation: Your magical and physical power is
                  | slightly enhanced at high health. [demonic ancestry]
 62576 | Vaults:1 | Reached XP level 20. HP: 148/148 MP: 32/41
 62656 | Vaults:1 | Found a portal to a secret trove of treasure.
 63058 | Vaults:1 | Reached skill level 18 in Spellcasting
 63097 | Vaults:1 | Identified the +10 glaive of Indomitability {vamp, Str+4}
 65313 | Vaults:2 | Found a staircase to the Crypt.
 65619 | Vaults:2 | You fall into a shaft and drop 1 floor!
 65638 | Vaults:3 | Identified the +2 robe "Cegowk" {rPois rC- Regen+ Slay+5}
 65638 | Vaults:3 | Noticed Boris
 65646 | Vaults:3 | Killed Boris
 67065 | Vaults:3 | Gained mutation: Your magical and physical power is
                  | enhanced at high health. [demonic ancestry]
 67065 | Vaults:3 | Reached XP level 21. HP: 155/155 MP: 38/43
 67479 | Vaults:3 | Noticed Saint Roka
 67486 | Vaults:3 | Killed Saint Roka
 67719 | Vaults:3 | Noticed Asterion
 67722 | Vaults:3 | Killed Asterion
 67892 | Vaults:3 | Found Ymotu's Magic Scroll Boutique.
 67916 | Vaults:3 | Bought a scroll of acquirement for 832 gold pieces
 67916 | Vaults:3 | Bought a scroll of teleportation for 48 gold pieces
 67916 | Vaults:3 | Acquired 961 gold pieces
 68893 | Vaults:4 | Reached skill level 19 in Spellcasting
 69536 | Vaults:4 | Noticed a dread lich
 69545 | Vaults:4 | Killed a dread lich
 69671 | Vaults:4 | Acquired the Parchment of Kinetic Energy and Wildfire
 70184 | Vaults:5 | Entered Level 5 of the Vaults
 70197 | Vaults:5 | Gained mutation: Your spells are a little easier to cast,
                  | but a little less powerful. [a shining eye]
 70197 | Vaults:5 | Noticed Mara
 70803 | Depths:1 | Entered Level 1 of the Depths
 71126 | Depths:1 | Gained mutation: A meltable icy envelope protects you from
                  | harm. (AC +8) [demonic ancestry]
 71126 | Depths:1 | Reached XP level 22. HP: 163/163 MP: 34/45
 71276 | Depths:1 | Found a sparkling altar of Nemelex Xobeh.
 71390 | Depths:1 | Found a one-way gate to the infinite horrors of the Abyss.
 71454 | Depths:1 | Identified the +9 great sword "Beetlebane" {freeze, rPois
                  | rF+ rC+}
 71746 | Depths:1 | You fall into a shaft and drop 1 floor!
 71748 | Depths:2 | Found a gateway to Hell.
 71777 | Depths:2 | Found a one-way gate leading to the halls of Pandemonium.
 71800 | Depths:2 | Identified the +3 robe of the Old World {Rampage *Corrode
                  | Dex-3 SInv}
 71800 | Depths:2 | Noticed Boris
 71805 | Depths:2 | HP: 5/166 [disintegration (71)]
 72754 | Depths:1 | Killed Boris
 72755 | Depths:1 | Reached skill level 10 in Earth Magic
 73650 | Depths:2 | Identified the +9 dire flail "Honikko" {flame, ^Drain Str+9
                  | Int+2 Dex-4}
 73715 | Depths:2 | Reached skill level 20 in Spellcasting
 74456 | Depths:2 | Noticed a caustic shrike
 74780 | Depths:2 | Killed a caustic shrike
 74909 | Depths:2 | Reached skill level 10 in Air Magic
 76108 | Depths:3 | Reached XP level 23. HP: 127/172 MP: 9/47
 76380 | Depths:3 | Acquired a book of Iron
 76882 | Depths:3 | Noticed an ancient lich
 76892 | Depths:3 | Killed an ancient lich
 76902 | Depths:3 | Noticed an ancient lich
 77556 | Depths:3 | Killed an ancient lich
 77712 | Depths:3 | Identified the +8 fire dragon scales of the Gloaming
                  | {Rampage +Blink rF++ rC- Slay+2}
 77990 | Vaults:1 | You paid a toll of +8 fire dragon scales to enter a
                  | treasure trove
 77991 | Trove    | Entered a treasure trove
 78010 | Trove    | Identified the ring of Jealousy {Ice rElec rPois Dex+3}
 78014 | Trove    | Identified the amulet "Pysm" {Acrobat ^Contam +Blink
                  | Will+++ SInv}
 78016 | Trove    | Identified the amulet "Ublueps" {Acrobat Fly rN+ Str+3
                  | Dex+2}
 78021 | Trove    | Identified the ring "Fuulowuh" {*Corrode rElec rF+ EV+5}
 78023 | Trove    | Identified the amulet of Qenifoeq {Acrobat rCorr Str-4
                  | Dex+4}
 78025 | Trove    | Identified the ring "Xufeiluz" {Str+6 Int+2 Stlth+}
 78441 | Depths:3 | Found Xuebaem's Jewellery Boutique.
 78442 | Depths:3 | Found Faghaytois's Book Shoppe.
 78442 | Depths:3 | Found Begyiqoq's Book Shoppe.
 78644 | Depths:3 | Found a faded altar of an unknown god.
 78689 | Depths:4 | Entered Level 4 of the Depths
 78702 | Depths:3 | Learned a level 9 spell: Shatter
 78768 | Depths:4 | Noticed the Enchantress
 78784 | Depths:3 | Killed the Enchantress
 78984 | Depths:4 | Found a one-way gateway to a ziggurat.
 80145 | Depths:4 | Found a gate to the Realm of Zot.
 80990 | Vaults:5 | Noticed a dread lich
 80991 | Vaults:5 | HP: 3/173 [yaktaur captain/bolt (31)]
 80991 | Vaults:5 | Killed from afar by a frost giant

Illustrated notes

Levels and vault maps discovered:
D:1:      noname_arrival_rooms_in_the_neighbourhood, layout_loops_ring,
          amcnicky_mini_rare_corridor_liquid, minmay_pentomino_t2
D:2:      layout_basic, minmay_between
D:3:      cheibrodos_pilgrimage, layout_basic,
          lemuel_zombie_altar_kikubaaqudgha, serial_shops,
          nicolae_shop_tiny_statue_garden, uniq_jessica
D:4:      layout_loops_ring
D:5:      layout_loops_cross, hangedman_abyss_or_decor_passed,
          minmay_misc_feat_chi, minmay_misc_feat_tiny, minmay_misc_feat_tower,
          hangedman_abyss_or_decor_jellyfish_corner, roderic_serpentine_path
D:6:      layout_loops_corners, nicolae_overflow_hidden_temple, corexii_shack,
          roadster_capsule_ark_zombie, uniq_maggie
D:7:      layout_loops_ring, minmay_temple_entry_large_hall, serial_shops, shop,
          eino_curves_02, serial_bayou_lagoon_a, uniq_jeremiah, uniq_joseph
D:8:      layout_basic, enter_bailey_3
D:9:      layout_basic, special_room [special_room_bee], st_stairs_9
D:10:     regret_index_early_branch_jog, layout_loops_ring,
          nicolae_overflow_squiral, makhleb_altar_promises_db, serial_shops,
          nicolae_shop_mannequins, uniq_lodul
D:11:     layout_irregular_city, due_lair_maze_entry_diamond, minivault_13
D:12:     layout_basic, zombieorc2_lemuel, serial_shops,
          nicolae_shop_window_shopping, gauntlet_entry_generic,
          grunt_qazlal_sundering, uniq_azrael
D:13:     layout_irregular_city, ximxim_vaults_locker_room,
          portal_ice_cave_entry_pillars_1, minmay_door_square,
          minmay_misc_feat_hallway, uniq_nessos
D:14:     layout_loops_ring, good_gods_temple_1, eat_drink_and_be_merry_uskayaw
D:15:     gammafunk_depths_entry_grave, layout_basic, serial_shops, shop,
          roderic_roman_lattice, serial_undead, serial_undead_f,
          serial_undead_b, serial_undead_f, serial_undead_d, drop_trap
Temple:   eino_narrow_crystal_temple
Lair:1:   layout_loops_ring, grunt_forest_small_clearing_treed, uniq_amaemon
Lair:2:   layout_small_grid, spider_nest_entry_web_field,
          infiniplex_staircase_pool_2
Lair:3:   layout_loops_ring, minmay_shoals_entry_lonely_mermaid, basic_altar,
          uniq_fannar, uniq_rupert
Lair:4:   layout_cave_pods
Lair:5:   hangedman_lair_tendril_chambers, layout_regular_city,
          nicolae_slime_entry_slimehenge, disabler_island
Shoals:1: layout_shoals, gammafunk_ghost_split
Shoals:2: layout_shoals, nicolae_island_escapes, uniq_polyphemus
Shoals:3: layout_shoals
Shoals:4: shoals_end_hellmonk_storm_palace [storm_palace_center_ruins,
          storm_palace_corner_grid, storm_palace_corner_narrow,
          storm_palace_corner_blocked, storm_palace_corner_altar], uniq_aizul,
          uniq_mlioglotl
Spider:1: layout_chambers
Spider:2: layout_spider_delve, gammafunk_ghost_necromancy,
          nicolae_spider_not_touching_you
Spider:3: layout_spider_delve
Spider:4: hellmonk_spider_rune_endless_swarm, ebering_ghost_inner_flame
Orc:1:    layout_diamond_mine, basic_altar
Orc:2:    grunt_orc_cross, layout_diamond_mine, serial_shops, shop, uniq_jorgrun
Elf:1:    elf_arrival_001, layout_onion_city, serial_shops,
          nicolae_shop_statue_plus, evilmike_minifort, minmay_shoptagon
Elf:2:    nicolae_elf_blades_splatter_lattice
          [nicolae_vaults_blade_armed_guards], layout_rooms, abandoned_shop,
          dreamdust_princess_bridge, nicolae_letterblocks
          [nicolae_letter_subblock, nicolae_letter_subblock,
          nicolae_letter_subblock, nicolae_letter_subblock,
          nicolae_letter_subblock, nicolae_letter_subblock,
          nicolae_letter_subblock, nicolae_letter_subblock,
          nicolae_letter_subblock, nicolae_letter_subblock,
          nicolae_letter_subblock, nicolae_letter_subblock,
          nicolae_letter_subblock, nicolae_letter_subblock,
          nicolae_letter_subblock, nicolae_letter_subblock,
          nicolae_letter_subblock, nicolae_letter_subblock,
          nicolae_letter_subblock, nicolae_letter_subblock,
          nicolae_letter_subblock, nicolae_letter_subblock,
          nicolae_letter_subblock, nicolae_letter_subblock,
          nicolae_letter_subblock]
Elf:3:    minmay_elf_hall_quartered_circle, layout_loops_corners, serial_shops,
          shop, nicolae_elf_glassroom_feature
Vaults:1: vaults_standard_mumra_lines, nicolae_vaults_storage_room_statues,
          nicolae_vaults_angled_halls, v_misc_3,
          nicolae_vaults_closet_pinwheel_5, nicolae_vaults_little_ls, v_misc_10,
          v_misc_2, layout_vaults_big_room, nicolae_trove_entry_isolated
Vaults:2: nicolae_vaults_big_ls, nicolae_vaults_storage_closets_1, v_misc_22,
          nicolae_vaults_surprise_closet, vaults_mumra_hex,
          minmay_crypt_entry_simple_walls, v_misc_30,
          nicolae_vaults_storage_room_glass, v_misc_3, nicolae_vaults_rhombus_7,
          layout_vaults_omnigrid
Vaults:3: nicolae_vaults_cornered_office, nicolae_vaults_turnstiles,
          nicolae_vaults_door_testing_chamber, nicolae_vaults_oval_intersection,
          nicolae_vaults_hexular_roomagon, nicolae_vaults_mini_display_case,
          vaults_dpeg_hooks, layout_vaults_omnicross, serial_shops, shop,
          uniq_asterion, uniq_saint_roka, uniq_boris
Vaults:4: nicolae_vaults_surprise_closet, st_quartered_hall, v_pattern_4,
          hangedman_vaults_corner, v_misc_30, nicolae_vaults_network_quinsquares
          [nicolae_vaults_network_quincunx_subvault,
          nicolae_vaults_network_quincunx_subvault,
          nicolae_vaults_network_quincunx_subvault,
          nicolae_vaults_network_quincunx_subvault], dpeg_vaults_monster_row,
          v_misc_23, vaults_mumra_lcd, v_misc_8, layout_vaults_omnibox
Vaults:5: uniq_mara, uniq_sojobo
Depths:1: layout_gridlike, nemelex_xobeh_ov_fountains_minmay, abyss_entry,
          hangedman_geh_valley, grunt_ministairs_12, minivault_16,
          minmay_misc_feat_square, st_stairs_3, tso_metal_star
Depths:2: evilmike_lava_path, layout_cave_shapes, chequers_big_river,
          serial_column_ruins, column_ruins_portal_hut, column_ruins_hut,
          column_ruins_square_medium, column_ruins_open_small,
          column_ruins_grid_2, column_ruins_columns_dead_end,
          column_ruins_open_tiny, column_ruins_open_small_water, hell_entry,
          rand_demon_pan_entry_4, minmay_staircase_statues
Depths:3: regret_index_infernal_bastille, layout_gridlike, hell_entry,
          abyss_entry, minmay_shop_grove, infiniplex_staircase_squiggle
Depths:4: grunt_zot_entry_tricorne, layout_cave_pools, enter_ziggurat_d,
          abyss_entry, pf_hell_entry_tar_spiral, serial_sigils_hangedman_quiver,
          grunt_decor_mini_mirrors, corner_web_ring, uniq_enchantress

Skill      XL: |  1  2  3  4  5  6  7  8  9 10 11 12 13 14 15 16 17 18 19 20 21 22 23 |
---------------+----------------------------------------------------------------------+-----
Dodging        | 2 3 4 5 6 7 8 9 |  9.3
Fire Magic     | 3 4 5 7 8 9 10 11 12 13 14 15 16 17 18 19 | 19.5
Conjurations   | 2 3 4 5 6 7 8 |  8.5
Spellcasting   | 3 4 5 6 8 9 10 12 13 14 15 16 17 18 19 20 | 20.9
Armour         | 1 2 3 |  3.1
Stealth        | 2 |  2.1
Maces & Flails | 1 |  1.5
Shields        | 3 5 7 8 10 11 12 13 14 15 16 17 | 17.3
Fighting       | 1 2 3 4 5 6 7 |  7.6
Polearms       | 1 2 3 5 6 7 8 9 10 11 12 | 12.4
Air Magic      | 2 4 5 6 7 8 9 10 | 10.7
Evocations     | 1 |  1.2
Translocations | 1 |  1.3
Earth Magic    | 2 5 7 9 10 11 | 11.7
Unarmed Combat | |  0.6
Alchemy        | |  0.2

Action                     |  1- 3 |  4- 6 |  7- 9 | 10-12 | 13-15 | 16-18 | 19-21 | 22-24 || total
---------------------------+-------+-------+-------+-------+-------+-------+-------+-------++-------
  Melee: Unarmed           |    29 |     2 |       |       |       |       |       |       ||    31
         Kick              |     6 |     5 |    37 |    77 |   203 |   163 |   271 |   202 ||   964
         Whip              |       |    18 |    61 |       |       |       |       |       ||    79
         Trident           |       |       |    31 |   253 |   879 |   347 |       |       ||  1510
         Demon trident     |       |       |       |       |       |   337 |   697 |   475 ||  1509
   Cast: Foxfire           |    35 |    45 |   148 |   322 |   250 |   171 |    61 |    12 ||  1044
         Scorch            |    13 |    51 |   152 |   271 |    77 |     8 |     2 |       ||   574
         Flame Wave        |       |       |     2 |    21 |    31 |     7 |       |       ||    61
         Plasma Beam       |       |       |       |       |   248 |   225 |   110 |   113 ||   696
         Mephitic Cloud    |       |       |       |       |    11 |     7 |       |     5 ||    23
         Iskenderun's Myst |       |       |       |       |       |    58 |       |       ||    58
         Stone Arrow       |       |       |       |       |       |    72 |     5 |       ||    77
         Ignition          |       |       |       |       |       |    70 |   124 |    93 ||   287
         Bombard           |       |       |       |       |       |    10 |    23 |    27 ||    60
         Starburst         |       |       |       |       |       |    14 |    13 |       ||    27
  Evoke: Wand              |       |       |     5 |     2 |     2 |     6 |       |     2 ||    17
         Phial of floods   |       |       |       |     1 |       |       |       |       ||     1
         Phantom mirror    |       |       |       |     1 |       |       |       |       ||     1
         Condenser vane    |       |       |       |     1 |       |       |       |       ||     1
         Lightning rod     |       |       |       |       |       |       |     1 |       ||     1
    Use: Scroll            |       |       |     6 |    16 |    13 |    19 |     2 |     7 ||    63
         Potion            |       |       |       |     4 |       |     2 |     5 |     7 ||    18
   Stab: Sleeping          |       |     1 |       |       |     2 |     2 |     7 |     4 ||    16
         Confused          |       |       |       |       |     3 |     8 |       |       ||    11
         Petrified         |       |       |       |       |     1 |     6 |       |       ||     7
         Held in net/web   |       |       |       |       |     1 |       |       |       ||     1
         Distracted        |       |       |       |       |     2 |     2 |     2 |     4 ||    10
 Armour: Robe              |    23 |     1 |       |       |       |       |       |       ||    24
         Leather armour    |       |    23 |    20 |       |       |       |       |       ||    43
         Steam dragon scal |       |       |   150 |   102 |       |       |       |       ||   252
         Acid dragon scale |       |       |       |   151 |   167 |       |       |       ||   318
         Animal skin       |       |       |       |       |   283 |   362 |   346 |   322 ||  1313
  Dodge: Dodged            |    29 |    24 |    98 |   109 |   219 |   162 |   226 |   143 ||  1010
  Block: Other             |       |     5 |    20 |       |       |       |       |       ||    25
         Kite shield       |       |       |    67 |   403 |  1025 |   771 |   824 |   513 ||  3603
         Reflection        |       |       |       |       |    26 |   100 |    50 |    12 ||   188

Table legend: (Time is in decaauts)
 A = Elapsed time spent in this place.
 B = Non-inter-level travel time spent in this place.
 C = Inter-level travel time spent in this place.
 D = Time resting spent in this place.
 E = Time spent auto-exploring this place.
 F = Levels seen in this place.
 G = Mean time per level.
                   A        B        C        D        E       F      G
               +--------+--------+--------+--------+--------+-----+--------+
         Total |  81975 |  77878 |   4097 |  16638 |  46974 |  47 | 1744.1 |
       Dungeon |  25804 |  24359 |   1445 |   2379 |  17347 |  15 | 1720.3 |
        Temple |    130 |    101 |     29 |     97 |      0 |   1 |  130.0 |
          Lair |   7571 |   7249 |    322 |    587 |   5534 |   5 | 1514.2 |
        Shoals |   6416 |   6230 |    186 |   1760 |   3328 |   4 | 1604.0 |
   Spider Nest |   5936 |   5746 |    190 |   1032 |   3739 |   4 | 1484.0 |
  Orcish Mines |   3409 |   3233 |    176 |    969 |   1673 |   2 | 1704.5 |
   Elven Halls |  11402 |  10954 |    448 |   5727 |   3690 |   3 | 3800.7 |
        Vaults |   8304 |   7472 |    832 |   1402 |   4806 |   5 | 1660.8 |
        Depths |   9476 |   9010 |    466 |   2130 |   5158 |   4 | 2369.0 |
         Trove |     47 |     47 |      0 |      0 |      0 |   1 |   47.0 |
        Bailey |   1067 |   1067 |      0 |    213 |    547 |   1 | 1067.0 |
      Ice Cave |   1769 |   1769 |      0 |    317 |   1016 |   1 | 1769.0 |
      Gauntlet |    638 |    638 |      0 |     25 |    134 |   1 |  638.0 |
               +--------+--------+--------+--------+--------+-----+--------+

Top non-repeatable levels by time:
   Elf:1: 5333 daAuts
Depths:3: 3244 daAuts
   Elf:2: 3179 daAuts
   Elf:3: 2889 daAuts
   Orc:2: 2877 daAuts
Vaults:2: 2789 daAuts
    D:15: 2611 daAuts
    D:10: 2601 daAuts
Depths:1: 2540 daAuts
  Lair:5: 2507 daAuts
    D:13: 2374 daAuts
     D:6: 2192 daAuts
    D:12: 2108 daAuts
Depths:2: 2073 daAuts
Vaults:4: 2023 daAuts
